BR (22 & UNDER)
PUNTA CANA HUTIAS @ FORT COLLINS COMMONERS
07/26/2028
 
TOP OF THE 1ST
Punta Cana Hutias batting - Pitching for Fort Collins Commoners : RHP Rafael Souza
Pitching: RHP Rafael Souza
Batting: RHB Argan Kamuliva 0-0: Called Strike
0-1: Ball
1-1: Ball
2-1: Ground out U3 (Groundball, 3)
Batting: RHB Vicente Rosales 0-0: Ground out 5-3 (Groundball, 5)
Batting: LHB Dave Watkins 0-0: Ball
1-0: Called Strike
1-1: Swinging Strike
1-2: Strikes out swinging
Top of the 1st over - 0 run(s), 0 hit(s), 0 error(s), 0 left on base; Punta Cana 0 - Fort Collins 0
BOTTOM OF THE 1ST
Fort Collins Commoners batting - Pitching for Punta Cana Hutias : RHP Miguel Durán
Pitching: RHP Miguel Durán
Batting: RHB Art Cornell 0-0: Foul Ball, location: 2F
0-1: Ball
1-1: Foul Ball, location: 2F
1-2: Foul Ball, location: 2F
1-2: Reached on error, E5 (Popup, 56)
Batting: RHB Nick McIntyre 0-0: Ball
Art Cornell steals 2nd base
1-0: Called Strike
1-1: Ground out 5-3 (Groundball, 56)
Batting: RHB Jonathan Jackson 0-0: Ground out 1-3 (Groundball, 15S)
Batting: RHB Silas Small 0-0: Swinging Strike
0-1: Swinging Strike
0-2: Strikes out swinging
Bottom of the 1st over - 0 run(s), 0 hit(s), 1 error(s), 1 left on base; Punta Cana 0 - Fort Collins 0
TOP OF THE 2ND
Punta Cana Hutias batting - Pitching for Fort Collins Commoners : RHP Rafael Souza
Batting: RHB Mike Martínez 0-0: Swinging Strike
0-1: Swinging Strike
0-2: Strikes out swinging
Batting: LHB Luis García 0-0: Ball
1-0: Foul Ball, location: 2F
1-1: Foul Ball, location: 2F
1-2: Foul Ball, location: 2F
1-2: Ball
2-2: Ball
3-2: Fly out, F1 (Popup, 15)
Batting: RHB Ricardo Murillo 0-0: Called Strike
0-1: Ball
1-1: Ball
2-1: SINGLE (Line Drive, 78M)
Batting: LHB Luis Martínez 0-0: Ball
1-0: Ball
2-0: Foul Ball, location: 2F
2-1: Fielders Choice at 2nd, 6-4 (Groundball, 6)
Top of the 2nd over - 0 run(s), 1 hit(s), 0 error(s), 0 left on base; Punta Cana 0 - Fort Collins 0
BOTTOM OF THE 2ND
Fort Collins Commoners batting - Pitching for Punta Cana Hutias : RHP Miguel Durán
Batting: RHB António Díaz 0-0: Fly out, F8 (Flyball, 89M)
Batting: RHB Matt Cole 0-0: Ball
1-0: Ball
2-0: Ball
3-0: Called Strike
3-1: Base on Balls
Batting: RHB Edward Green 0-0: Ball
1-0: Called Strike
1-1: Called Strike
1-2: Ball
2-2: Foul Ball, location: 2F
2-2: Foul Ball, location: 2F
2-2: Foul Ball, location: 2F
2-2: Fly out, F8 (Flyball, 8LD)
Batting: RHB Bobby Doyle 0-0: Called Strike
0-1: Ball
1-1: Reached on error, E5 (Groundball, 56)
Matt Cole to second
Batting: LHB Joe Hanson 0-0: Ball
1-0: Foul Ball, location: 2F
1-1: Ball
2-1: Fly out, F8 (Flyball, 89D)
Bottom of the 2nd over - 0 run(s), 0 hit(s), 1 error(s), 2 left on base; Punta Cana 0 - Fort Collins 0
TOP OF THE 3RD
Punta Cana Hutias batting - Pitching for Fort Collins Commoners : RHP Rafael Souza
Batting: SHB José Ayala 0-0: Ball
1-0: Ground out 6-3 (Groundball, 6M)
Batting: RHB Stephen Welshman 0-0: DOUBLE (Line Drive, 7LM)
Batting: RHB Argan Kamuliva 0-0: Called Strike
0-1: Called Strike
0-2: Foul Ball, location: 2F
0-2: Foul Ball, location: 2F
0-2: Strikes out swinging
Batting: RHB Vicente Rosales 0-0: Ground out 6-3 (Groundball, 6)
Top of the 3rd over - 0 run(s), 1 hit(s), 0 error(s), 1 left on base; Punta Cana 0 - Fort Collins 0
BOTTOM OF THE 3RD
Fort Collins Commoners batting - Pitching for Punta Cana Hutias : RHP Miguel Durán
Batting: RHB Art Cornell 0-0: Called Strike
0-1: Ground out 5-3 (Groundball, 56)
Batting: RHB Nick McIntyre 0-0: Called Strike
0-1: Swinging Strike
0-2: Strikes out looking
Batting: RHB Jonathan Jackson 0-0: Ball
1-0: Ball
2-0: Ball
3-0: Base on Balls
Batting: RHB Silas Small 0-0: Called Strike
0-1: Ball
Jonathan Jackson is caught stealing 2nd base
Bottom of the 3rd over - 0 run(s), 0 hit(s), 0 error(s), 0 left on base; Punta Cana 0 - Fort Collins 0
TOP OF THE 4TH
Punta Cana Hutias batting - Pitching for Fort Collins Commoners : RHP Rafael Souza
Batting: LHB Dave Watkins 0-0: Ball
1-0: Ball
2-0: Foul Ball, location: 2F
2-1: Ball
3-1: Foul Ball, location: 2F
3-2: SINGLE (Line Drive, 4D)
Batting: RHB Mike Martínez 0-0: Called Strike
0-1: Called Strike
0-2: Foul Ball, location: 2F
0-2: Ball
1-2: Foul Ball, location: 2F
1-2: DOUBLE (Line Drive, 78D)
Dave Watkins to third
Runner from 3rd tries for Home, SAFE, no throw
Batting: LHB Luis García 0-0: Ball
1-0: Called Strike
1-1: Foul Ball, location: 2F
1-2: Ball
2-2: Ball
3-2: Foul Ball, location: 2F
3-2: Foul Ball, location: 2F
3-2: Fly out, F5 (Popup, 5L)
Batting: RHB Ricardo Murillo 0-0: Called Strike
0-1: Called Strike
0-2: Ball
1-2: Strikes out looking
Batting: LHB Luis Martínez 0-0: Called Strike
0-1: Foul Ball, location: 2F
0-2: Foul Ball, location: 2F
0-2: Fly out, F7 (Flyball, 7LSF)
Top of the 4th over - 1 run(s), 2 hit(s), 0 error(s), 1 left on base; Punta Cana 1 - Fort Collins 0
BOTTOM OF THE 4TH
Fort Collins Commoners batting - Pitching for Punta Cana Hutias : RHP Miguel Durán
Batting: RHB Silas Small 0-0: Ball
1-0: Ball
2-0: Ground out 6-3 (Groundball, 6S)
Batting: RHB António Díaz 0-0: Ground out 4-3 (Groundball, 4)
Batting: RHB Matt Cole 0-0: Foul Ball, location: 2F
0-1: Foul Ball, location: 2F
0-2: Strikes out swinging
Bottom of the 4th over - 0 run(s), 0 hit(s), 0 error(s), 0 left on base; Punta Cana 1 - Fort Collins 0
TOP OF THE 5TH
Punta Cana Hutias batting - Pitching for Fort Collins Commoners : RHP Rafael Souza
Batting: SHB José Ayala 0-0: Ball
1-0: Ground out 3-1 (Groundball, 34)
Batting: RHB Stephen Welshman 0-0: Ball
1-0: Ball
2-0: Ground out 1-3 (Groundball, 15S)
Batting: RHB Argan Kamuliva 0-0: Called Strike
0-1: Ball
1-1: Called Strike
1-2: Ball
2-2: Strikes out swinging
Top of the 5th over - 0 run(s), 0 hit(s), 0 error(s), 0 left on base; Punta Cana 1 - Fort Collins 0
BOTTOM OF THE 5TH
Fort Collins Commoners batting - Pitching for Punta Cana Hutias : RHP Miguel Durán
Batting: RHB Edward Green 0-0: Called Strike
0-1: Swinging Strike
0-2: Strikes out looking
Batting: RHB Bobby Doyle 0-0: Ball
1-0: Ball
2-0: Ground out 6-3 (Groundball, 6)
Batting: LHB Joe Hanson 0-0: Fly out, F4 (Line Drive, 4)
Bottom of the 5th over - 0 run(s), 0 hit(s), 0 error(s), 0 left on base; Punta Cana 1 - Fort Collins 0
TOP OF THE 6TH
Punta Cana Hutias batting - Pitching for Fort Collins Commoners : RHP Rafael Souza
Batting: RHB Vicente Rosales 0-0: Ball
1-0: Ball
2-0: Ball
3-0: Called Strike
3-1: SINGLE (Groundball, 6MD)
Batting: LHB Dave Watkins 0-0: Foul Ball, location: 2F
0-1: Ball
1-1: Ball
2-1: Fly out, F7 (Flyball, 7S)
Pitching: LHP Raúl Rivas
Batting: RHB Mike Martínez 0-0: Fly out, F9 (Flyball, 9LSF)
Batting: LHB Luis García 0-0: Called Strike
0-1: Called Strike
0-2: Strikes out swinging
Top of the 6th over - 0 run(s), 1 hit(s), 0 error(s), 1 left on base; Punta Cana 1 - Fort Collins 0
BOTTOM OF THE 6TH
Fort Collins Commoners batting - Pitching for Punta Cana Hutias : RHP Miguel Durán
Batting: RHB Art Cornell 0-0: Ball
1-0: Called Strike
1-1: Ground out 6-3 (Groundball, 6)
Batting: RHB Nick McIntyre 0-0: Ball
1-0: Swinging Strike
1-1: Fly out, F7 (Flyball, 7)
Batting: RHB Jonathan Jackson 0-0: Called Strike
0-1: Ball
1-1: Called Strike
1-2: Strikes out swinging
Bottom of the 6th over - 0 run(s), 0 hit(s), 0 error(s), 0 left on base; Punta Cana 1 - Fort Collins 0
TOP OF THE 7TH
Punta Cana Hutias batting - Pitching for Fort Collins Commoners : LHP Raúl Rivas
Batting: RHB Ricardo Murillo 0-0: Foul Ball, location: 2F
0-1: Called Strike
0-2: Strikes out looking
Batting: LHB Luis Martínez 0-0: Foul Ball, location: 2F
0-1: Called Strike
0-2: Ball
1-2: Strikes out swinging
Batting: SHB José Ayala 0-0: Called Strike
0-1: Foul Ball, location: 2F
0-2: Fly out, F9 (Flyball, 9)
Top of the 7th over - 0 run(s), 0 hit(s), 0 error(s), 0 left on base; Punta Cana 1 - Fort Collins 0
BOTTOM OF THE 7TH
Fort Collins Commoners batting - Pitching for Punta Cana Hutias : RHP Miguel Durán
Batting: RHB Silas Small 0-0: Ball
1-0: Ground out 5-3 (Groundball, 56)
Batting: RHB António Díaz 0-0: Called Strike
0-1: Ball
1-1: Ball
2-1: Fly out, F4 (Line Drive, 4)
Batting: RHB Matt Cole 0-0: Ball
1-0: Foul Ball, location: 2F
1-1: Fly out, F7 (Line Drive, 7)
Bottom of the 7th over - 0 run(s), 0 hit(s), 0 error(s), 0 left on base; Punta Cana 1 - Fort Collins 0
TOP OF THE 8TH
Punta Cana Hutias batting - Pitching for Fort Collins Commoners : LHP Raúl Rivas
Batting: RHB Stephen Welshman 0-0: Foul Ball, location: 2F
0-1: Foul Ball, location: 2F
0-2: Strikes out swinging
Batting: RHB Argan Kamuliva 0-0: Ball
1-0: Ball
2-0: Ball
3-0: Base on Balls
Pinch Hitting: RHB Edgardo Vásquez 0-0: Called Strike
0-1: Ball
1-1: Swinging Strike
1-2: Foul Ball, location: 2F
1-2: Ball
2-2: Reached on error, E6 (Groundball, 6)
Argan Kamuliva to second
Pinch Hitting: RHB Dave Marshall 0-0: Called Strike
Edgardo Vásquez is caught stealing 2nd base
0-1: Ball
1-1: Ball
2-1: Ball
3-1: Base on Balls
Batting: RHB Mike Martínez 0-0: Called Strike
0-1: Foul Ball, location: 2F
0-2: Ball
Wild Pitch!
Argan Kamuliva scores
Dave Marshall to second
1-2: Ball
2-2: Foul Ball, location: 2F
2-2: Ball
3-2: SINGLE (Groundball, 4MD)
Dave Marshall to third
Dave Marshall scores
Pitching: RHP Shaun Harris
Batting: LHB Luis García 0-0: Called Strike
0-1: Swinging Strike
0-2: Ball
1-2: Strikes out swinging
Top of the 8th over - 2 run(s), 1 hit(s), 1 error(s), 1 left on base; Punta Cana 3 - Fort Collins 0
BOTTOM OF THE 8TH
Fort Collins Commoners batting - Pitching for Punta Cana Hutias : RHP Miguel Durán
Now at C: Tony Suárez
Now at 2B: Edgardo Vásquez
Now in CF: Carlos Rosado
Batting: RHB Edward Green 0-0: Called Strike
0-1: Called Strike
0-2: Ball
1-2: Ball
2-2: Strikes out swinging
Batting: RHB Bobby Doyle 0-0: Called Strike
0-1: Called Strike
0-2: Ball
1-2: Foul Ball, location: 2F
1-2: Ball
2-2: Ground out 4-3 (Groundball, 4)
Batting: LHB Joe Hanson 0-0: Foul Ball, location: 2F
0-1: Called Strike
0-2: Ball
1-2: Strikes out swinging
Bottom of the 8th over - 0 run(s), 0 hit(s), 0 error(s), 0 left on base; Punta Cana 3 - Fort Collins 0
TOP OF THE 9TH
Punta Cana Hutias batting - Pitching for Fort Collins Commoners : RHP Shaun Harris
Pitching: RHP Sam Faulkner
Batting: RHB Ricardo Murillo 0-0: Called Strike
0-1: Ball
1-1: Ball
2-1: Fly out, F8 (Flyball, 8RM)
Batting: LHB Luis Martínez 0-0: Called Strike
0-1: Foul Ball, location: 2F
0-2: Foul Ball, location: 2F
0-2: Foul Ball, location: 2F
0-2: Strikes out swinging
Batting: SHB José Ayala 0-0: Called Strike
0-1: SINGLE (Line Drive, 34)
Batting: RHB Stephen Welshman 0-0: Foul Ball, location: 2F
0-1: Called Strike
0-2: Ball
1-2: Fly out, F8 (Flyball, 8LM)
Top of the 9th over - 0 run(s), 1 hit(s), 0 error(s), 1 left on base; Punta Cana 3 - Fort Collins 0
BOTTOM OF THE 9TH
Fort Collins Commoners batting - Pitching for Punta Cana Hutias : RHP Miguel Durán
Now at 3B: Warren Strathbogie
Now in RF: Marvin MacGruder
Batting: RHB Art Cornell 0-0: Ball
1-0: Fly out, F9 (Line Drive, 9S)
Batting: RHB Nick McIntyre 0-0: Called Strike
0-1: Ball
1-1: Called Strike
1-2: Fly out, F8 (Flyball, 8RM)
Batting: RHB Jonathan Jackson 0-0: Fly out, F9 (Flyball, 9S)
Bottom of the 9th over - 0 run(s), 0 hit(s), 0 error(s), 0 left on base; Punta Cana 3 - Fort Collins 0
Tuesday, August 8th, 2017 - OOTP Baseball 17.12 Build 75